 Dungeon Crawl Stone Soup version 0.30-b1-2-g02819fbbbe (webtiles) character file.

Game seed: 7646773909924006227

186558 Angani the Destroyer (level 18, -11/134 HPs)
             Began as a Barachi Necromancer on May 7, 2023.
             Was an Initiate of Yredelemnul.
             Mangled by Arachne
             ... wielding a staff of poison
              (21 damage)
             ... on level 4 of the Spider Nest.
             The game lasted 02:08:27 (41352 turns).

Angani the Destroyer (Barachi Necromancer)         Turns: 41352, Time: 02:08:28

Health: -11/134    AC: 22    Str: 10    XL:     18   Next: 48%
Magic:  13/32      EV: 14    Int: 24    God:    Yredelemnul [......]
Gold:   799        SH:  0    Dex: 12    Spells: 12/37 levels left

rFire   + . .        e - +6 hand crossbow of Okaz {freeze, Will+}
rCold   + + +        X - orb {*channel}
rNeg    + + .        r - quicksilver dragon scales of Leapfrog {rPois rC++ rN+ Will+ Stlth-}
rPois   +            D - +2 hat {Will+}
rElec   .            L - +0 cloak "Hyifey" {Rampage rF+ rC+ rN+}
rCorr   .            H - +0 pair of gloves
SInv    +            T - +3 pair of mountain boots {steadfast, rC+}
Will    ++++.        m - amulet of magic regeneration Stlth
                     i - ring of see invisible
HPRegen 0.42/turn    J - ring of wizardry
MPRegen 0.63/turn

%: rampage, wizardry (x1), channel magic (20%)
@: confused, lethally poisoned (-11 -> -11), ambrosia-drunk, slow
A: amphibious, slowness 1, strong legs 2, +LOS
a: Hop, Renounce Religion, Recall Undead Harvest


You were on level 4 of the Spider Nest.
You worshipped Yredelemnul.
Yredelemnul was aware of your devotion.
You visited 5 branches of the dungeon, and saw 29 of its levels.
You also visited: Ossuary, Gauntlet and Ice Cave.

You collected 3486 gold pieces.
You spent 2687 gold pieces at shops.

Inventory:

Hand Weapons
 e - the +6 hand crossbow of Okaz (weapon) {freeze, Will+}
   (You acquired it on level 1 of the Lair of Beasts)

   Will:      It increases your willpower.
Missiles
 P - 8 curare-tipped darts
Armour
 r - the quicksilver dragon scales of Leapfrog (worn) {rPois rC++ rN+ Will+ Stlth-}
   (You bought it in a shop on level 3 of the Shoals)

   rC:        It greatly protects you from cold.
   rPois:     It protects you from poison.
   rN:        It protects you from negative energy.
   Will:      It increases your willpower.
   Stlth:     It makes you less stealthy.
 D - a +2 hat of willpower (worn)
 H - a +0 pair of gloves (worn)
 L - the +0 cloak "Hyifey" (worn) {Rampage rF+ rC+ rN+}
   (You found it on level 3 of the Spider Nest)

   rF:        It protects you from fire.
   rC:        It protects you from cold.
   rN:        It protects you from negative energy.
   Rampage:   It bestows one free step when moving towards enemies.
 T - the +3 pair of mountain boots (worn) {steadfast, rC+}
   (You found it in a Gauntlet)

   Steadfast: It prevents involuntary movement, except for blinking,
   teleportation, or banishment.
   rC:        It protects you from cold.
 X - an orb of energy (worn)
Jewellery
 i - a ring of see invisible (left hand)
 m - an amulet of magic regeneration (around neck)
 v - a ring of protection from fire
 y - a +5 ring of evasion
 I - a ring of resist corrosion
 J - a ring of wizardry (right hand)
 S - a ring of positive energy
Wands
 a - a wand of charming (14)
 w - a wand of roots (16)
 M - a wand of mindburst (4)
 W - a wand of digging (4)
Scrolls
 f - a scroll of acquirement {!r}
 g - 3 scrolls of vulnerability
 h - a scroll of fear
 n - 6 scrolls of enchant weapon
 o - 2 scrolls of teleportation
 x - 4 scrolls of immolation
 z - 6 scrolls of fog
 B - 4 scrolls of magic mapping
 C - a scroll of poison
 N - 3 scrolls of enchant armour
 O - 4 scrolls of summoning
 Q - 8 scrolls of identify
 Y - 4 scrolls of amnesia
Potions
 b - a potion of magic
 c - 4 potions of invisibility
 d - 4 potions of resistance
 k - 10 potions of curing
 p - 8 potions of brilliance
 q - 3 potions of might
 s - 5 potions of flight
 t - 3 potions of mutation
 u - a potion of berserk rage
 A - 5 potions of attraction
 E - a potion of ambrosia
 G - 7 potions of lignification
 V - a potion of cancellation
Miscellaneous
 j - a phial of floods
 l - a lightning rod (4/4)
 R - a box of beasts (inert)
 U - a condenser vane
 Z - a phantom mirror (inert)


   Skills:
 - Level 10.0 Fighting
 - Level 12.5 Ranged Weapons
 - Level 10.0 Armour
 - Level 11.1 Dodging
 - Level 5.0 Stealth
 - Level 10.0 Spellcasting
 - Level 13.0 Conjurations
 - Level 7.9 Hexes
 - Level 5.0 Necromancy
 - Level 7.9 Translocations
 - Level 13.0 Fire Magic
 - Level 10.1 Air Magic
 + Level 8.2 Invocations
 + Level 9.8 Evocations


You had 12 spell levels left.
You knew the following spells:

 Your Spells              Type           Power      Damage    Failure   Level
a - Necrotise             Necr           100%       1d9       2%          1
b - Vampiric Draining     Necr           36%        2d8       5%          3
c - Foxfire               Conj/Fire      100%       2x1d9     1%          1
d - Fireball              Conj/Fire      32%        3d14      2%          5
e - Plasma Beam           Fire/Air       30%        2x1d47    13%         6
f - Starburst             Conj/Fire      32%        6d10      9%          6
g - Portal Projectile     Hex/Tloc       100%       N/A       2%          3

Your spell library contained the following spells:

 Spells                   Type           Power      Damage    Failure   Level
 Apportation              Tloc           100%       N/A       1%          1
 Slow                     Hex            100%       N/A       1%          1
 Lesser Beckoning         Tloc           100%       N/A       1%          2
 Static Discharge         Conj/Air       100%       2-7/arc   1%          2
 Dazzling Flash           Conj/Hex       100%       N/A       1%          3
 Confusing Touch          Hex            50%        N/A       2%          3
 Gell's Gravitas          Tloc           50%        N/A       2%          3
 Teleport Other           Tloc           50%        N/A       2%          3
 Poisonous Vapours        Pois/Air       72%        N/A       3%          2
 Stone Arrow              Conj/Erth      86%        3d12      3%          3
 Airstrike                Air            28%        2d(5-21)  3%          4
 Silence                  Hex/Air        26%        N/A       9%          5
 Sandblast                Erth           24%        2d8       11%         1
 Sting                    Tmut/Pois      48%        1d5       11%         1
 Summon Lightning Spire   Summ/Air       36%        N/A       13%         4
 Conjure Ball Lightning   Conj/Air       30%        3x3d10    13%         6
 Passwall                 Tmut/Erth      10%        N/A       16%         2
 Leda's Liquefaction      Hex/Erth       15%        N/A       19%         4
 Call Canine Familiar     Summ           12%        N/A       26%         3
 Agony                    Necr           36%        N/A       28%         5
 Summon Forest            Summ/Tloc      15%        N/A       38%         5
 Summon Mana Viper        Hex/Summ       31%        N/A       38%         5
 Olgreb's Toxic Radiance  Pois           12%        N/A       56%         4
 Alistair's Intoxication  Tmut/Pois      8%         N/A       86%         5
 Summon Cactus Giant      Summ           6%         N/A       100%        6
 Discord                  Hex            25%        N/A       100%        8
 Disjunction              Tloc           25%        N/A       100%        8
 Animate Dead             Necr           Unusable   N/A       N/A         4

Dungeon Overview and Level Annotations

Branches:
Dungeon (15/15)            Temple (0/1) D:6            Lair (5/5) D:8
 Shoals (3/4) Lair:3       Spider (4/4) Lair:3        Slime (0/5) Lair:4
    Orc (2/2) D:9             Elf (0/3) Orc:2        Vaults (0/5) D:13
 Depths (0/4) D:15        Ossuary (visited)           IceCv (visited)
Gauntlet (visited)

Altars:
Dithmenos
Fedhas
Gozag
Hepliaklqana
Kikubaaqudgha
Makhleb
Nemelex Xobeh
Qazlal
Uskayaw
Vehumet
Yredelemnul
Zin
The Shining One

Shops:
D:9 !   Orc:1 :   Orc:2 [(*=   Shoals:3 [

Portals:
Trove: D:10 (give 2 scrolls of acquirement)

Annotations:
Lair:2 2 transporters
Spider:1 Asterion
Spider:4 Arachne


Innate Abilities, Weirdness & Mutations

You are amphibious.
You cover ground slowly.
You can hop long distances.
You have an extended range of vision and can be seen from far away.


Message History

Arachne hits you with a staff of poison.
Arachne envenoms you.
You are more poisoned.
You feel sick.
Arachne hits you with a staff of poison!!
Arachne hits you with a staff of poison!
Arachne envenoms you!
* * * LOW HITPOINT WARNING * * *
You are more poisoned.
Casting: Starburst (dangerous; 9% risk of failure)
Confirm with . or Enter, or press ? or * to list all spells.
Casting: Starburst (dangerous; 9% risk of failure)
Press: ? - help, Dir - look around, f - activate The bolt of fire hits Arachne!!!
Arachne is almost dead.
You feel sick.
Arachne hits you with a staff of poison.
* * * LOW HITPOINT WARNING * * *
Arachne envenoms you.
* * * LOW HITPOINT WARNING * * *
Unknown command.
You open the lid... ...and a juvenile fireweird beast leaps out!
The box is emptied!
You feel sick. Arachne closely misses you.
Arachne hits you with a staff of poison.
* * * LOW HITPOINT WARNING * * *
Unknown command.
You are confused.
You feel invigorated.
You feel sick.
Arachne hits you with a staff of poison!
* * * LOW HITPOINT WARNING * * *
Arachne envenoms you.
* * * LOW HITPOINT WARNING * * *
Your juvenile fireweird beast hits Arachne.
You feel sick.
Arachne hits you with a staff of poison!
* * * LOW HITPOINT WARNING * * *
Arachne hits you with a staff of poison!!
You die...
Your body rises from the dead as a mindless zombie.

...####
##....^ #####
.#.....
####.#.##
##.^....
#.##....# #
.#...^
#.^#..### #
#.....
##.....^#
.#..##....^.<#
#........####
#.#..##.HH@^#
#...#....##
##..#^....#
...####.##
...^ ###
..#... .# .#)
.. ##?. #. ...


You could see Arachne (ally target) and a friendly juvenile fireweird beast
(summoned).

Vanquished Creatures
  Gastronok (Lair:3)
  The ghost of morax the Executioner, an adept HOFi of Okawaru (Spider:3)
  Agnes (D:14)
  4 emperor scorpions
  A very ugly thing (D:15)
  A reaper (Gauntlet)
  An orc warlord (Orc:2)
  3 broodmothers
  A minotaur (Gauntlet)
  3 spark wasps (Spider:3)
  Snorg (Lair:4)
  An entropy weaver (Spider:1)
  Josephine (Lair:4)
  The ghost of Jiolyugh the Geomancer, a journeyman GrEE of Qazlal (D:14)
  A rakshasa (D:15)
  3 hydras
  A merfolk avatar (Shoals:2)
  An ogre mage (Orc:2)
  2 catoblepae
  3 alligator snapping turtles
  A jorogumo (Spider:1)
  Erica (Orc:1)
  4 two-headed ogres
  4 centaur warriors
  A deep troll shaman (Lair:5)
  10 death yaks
  5 boulder beetles
  2 tengu warriors (D:12)
  A satyr (Shoals:3)
  An orc high priest (Orc:2)
  Urug (D:13)
  Sonja (Lair:3)
  Nergalle (Lair:2)
  Amaemon (Lair:2)
  3 skysharks (Shoals:1)
  4 pharaoh ants
  5 sea snakes
  4 skeletal warriors (D:15)
  3 orb spiders
  A bog body (IceCv)
  A wizard (D:15)
  14 harpies
  2 steelbarb worms
  6 orc knights
  6 manticores
  10 wolf spiders
  8 fauns
  13 ugly things
  3 orc sorcerers
  4 deep elf pyromancers
  3 cyclopes
  An ice statue (IceCv)
  6 elephants
  3 black mambas
  3 merfolk sirens
  A water nymph (shapeshifter) (D:15)
  3 moths of wrath (Spider:3)
  8 cane toads
  A gargoyle (D:12)
  7 demonic crawlers
  5 torpor snails
  A rime drake (Lair:3)
  4 water nymphs
  A freezing wraith (D:15)
  An anaconda simulacrum (IceCv)
  2 kobold demonologists
  6 komodo dragons
  An ice devil (Gauntlet)
  9 trolls
  2 wind drakes
  A hornet (D:8)
  4 meliai
  6 merfolk
  A polar bear (Lair:4)
  Grinder (D:3)
  A tarantella zombie (Spider:1)
  11 blink frogs
  14 tarantellas
  Sigmund (D:5)
  2 meliai zombies (D:15)
  2 dream sheep (Lair:3)
  18 culicivoras
  A jumping spider (shapeshifter) (D:15)
  3 shadows
  8 slime creatures
  8 jumping spiders
  A snapping turtle (Shoals:3)
  28 yaks
  4 wyverns
  6 wraiths
  2 vampires
  2 water elementals
  A spectral orange demon (Lair:2)
  2 dire elephant simulacra (IceCv)
  A basilisk (D:14)
  17 redbacks
  2 chaos spawn (Gauntlet)
  A neqoxec (Gauntlet)
  8 vampire mosquitoes
  A steam dragon (D:9)
  A harpy simulacrum (IceCv)
  3 wargs
  2 death yak simulacra (IceCv)
  Edmund (D:5)
  An acid dragon (D:13)
  Duvessa (D:5)
  A hydra simulacrum (IceCv)
  A cane toad zombie (Lair:5)
  5 water moccasins
  2 black bears (Lair:5)
  A manticore zombie (D:14)
  25 orc warriors
  3 boggarts (D:15)
  16 wolves
  19 centaurs
  13 ogres
  A torpor snail zombie (Lair:2)
  A phantom (D:6)
  A kobold brigand (D:6)
  12 bullfrogs
  6 two-headed ogre simulacra (IceCv)
  11 wights
  A yak zombie (Lair:2)
  An elephant simulacrum (IceCv)
  10 killer bees
  2 electric eels (Spider:1)
  3 human zombies (Ossuary)
  14 orc priests
  Crazy Yiuf (D:5)
  2 hounds (D:5)
  A jelly (D:5)
  A sleepcap (D:4)
  A gnoll bouda (D:6)
  An iguana (D:7)
  11 orc wizards
  A boggart zombie (D:15)
  3 polar bear simulacra (IceCv)
  Natasha (twice) (D:2)
  5 hell rats
  5 spriggan simulacra (IceCv)
  5 troll simulacra (IceCv)
  3 wolf simulacra (IceCv)
  An ogre zombie (Orc:2)
  2 mummies (Ossuary)
  A hell rat zombie (Lair:3)
  18 gnolls
  7 naga simulacra (IceCv)
  8 adders
  2 shadow imps (D:6)
  4 white imps
  7 ufetubi (IceCv)
  A spectral white imp (Gauntlet)
  A worm (D:4)
  4 dart slugs
  79 orcs
  2 endoplasms
  11 giant cockroaches
  2 gnoll zombies (Ossuary)
  25 goblins
  33 hobgoblins
  3 quokkas
  10 ball pythons
  2 bats
  4 frilled lizards
  2 goblin zombies (Ossuary)
  4 hobgoblin zombies (Ossuary)
  20 kobolds
  4 orc zombies
  8 rats
844 creatures vanquished.

Vanquished Creatures (collateral kills)
  A kraken (Shoals:3)
  An emperor scorpion (Spider:2)
  2 ghost moths
  2 broodmothers
  A spark wasp (Spider:1)
  A merfolk impaler (Shoals:3)
  2 hydras (Lair:5)
  A centaur warrior (D:13)
  2 satyrs
  2 alligator snapping turtles (Shoals:3)
  A merfolk avatar (Shoals:1)
  A jorogumo (Spider:4)
  2 boulder beetles (Spider:2)
  A radroach (Spider:2)
  2 two-headed ogres
  2 death yaks (Lair:5)
  2 skysharks
  A pharaoh ant (Spider:4)
  A sea snake (Shoals:1)
  A sun moth (Spider:3)
  6 orb spiders
  A glowing orange brain (D:15)
  2 steelbarb worms
  A necromancer (D:13)
  20 harpies
  A deep elf pyromancer (D:12)
  An orc sorcerer (Orc:2)
  6 wolf spiders
  2 cyclopes
  A faun (shapeshifter) (D:13)
  A merfolk siren (Shoals:1)
  2 fauns
  3 manticores
  2 black mambas (Lair:5)
  2 torpor snails
  An elephant (Lair:2)
  3 cane toads
  An orange demon (Lair:2)
  3 rime drakes
  Psyche (D:8)
  4 komodo dragons
  3 trolls
  2 meliai (Spider:1)
  9 merfolk
  9 tarantellas
  2 blink frogs
  A wind drake (Shoals:1)
  2 dream sheep (Lair:3)
  2 snapping turtles
  11 culicivoras
  6 jumping spiders
  A wyvern (Lair:5)
  2 water elementals
  A wraith (D:13)
  A vampire (D:13)
  5 slime creatures
  6 yaks
  17 redbacks
  A vampire mosquito (D:10)
  A water moccasin (Lair:2)
  An ice beast (D:6)
  6 orc warriors
  2 centaurs
  6 wolves
  2 ogres (Orc:2)
  A phantom (D:6)
  2 bullfrogs (Lair:2)
  A gnoll sergeant (D:11)
  A wight (D:8)
  Dowan (D:5)
  A howler monkey (D:6)
  An orc priest (Orc:2)
  A hell rat (Lair:3)
  A sleepcap (D:6)
  4 gnolls
  A white imp (Gauntlet)
  9 orcs
  An endoplasm (D:2)
  A giant cockroach (D:4)
  11 goblins
  2 ball pythons
  A kobold (D:6)
232 creatures vanquished.

Vanquished Creatures (others)
  A very ugly thing zombie (D:15)
  2 ugly thing zombies
  7 wolf spider zombies
  A broodmother zombie (Spider:2)
  An alligator snapping turtle zombie (Shoals:3)
  A cane toad (Lair:1)
  2 death yak zombies
  An unseen horror (shapeshifter) (D:14)
  4 steelbarb worm zombies
  2 sea snake zombies
  3 orb spider zombies
  A spectral glowing orange brain (D:15)
  11 redback zombies
  8 harpy zombies
  4 jumping spider zombies
  A tarantella (Spider:1)
  2 demonic crawler zombies
  A moth of wrath zombie (Spider:3)
  12 culicivora zombies
  7 tarantella zombies
  A meliai zombie (Spider:1)
  2 satyr zombies
  A boulder beetle zombie (D:12)
  3 black mamba zombies
  2 slime creature zombies (D:14)
  A wind drake zombie (Lair:3)
  A yak (Lair:1)
  A spectral ice devil (Gauntlet)
  3 skyshark zombies
  7 merfolk zombies
  A water nymph zombie (Shoals:2)
  2 faun zombies (Shoals:1)
  2 tengu zombies (D:12)
  3 cane toad zombies
  3 two-headed ogre zombies
  A water moccasin (Lair:1)
  5 manticore zombies
  A hornet zombie (D:8)
  2 blink frog zombies (Lair:2)
  2 elf zombies
  2 dream sheep zombies (Lair:3)
  3 torpor snail zombies
  3 vampire mosquito zombies
  A rime drake zombie (Lair:5)
  2 spectral chaos spawn (Gauntlet)
  2 komodo dragon zombies
  2 wyvern zombies
  4 cyclops zombies
  A water moccasin zombie (Lair:5)
  A wight (D:8)
  A demonspawn zombie (Lair:2)
  3 troll zombies
  6 yak zombies
  9 wolf zombies
  7 centaur zombies
  3 bullfrog zombies
  An orc wizard (Orc:1)
  8 killer bee zombies
  6 ogre zombies
  A hound zombie (D:5)
  A hell rat zombie (Lair:3)
  A gnoll (D:5)
  3 human zombies
  A jelly zombie (D:5)
  2 adder zombies
  2 spectral shadow imps (D:6)
  A spectral white imp (Gauntlet)
  7 gnoll zombies
  4 ball python zombies
  A bat (D:1)
  A giant cockroach zombie (D:4)
  10 goblin zombies
  12 hobgoblin zombies
  4 kobold zombies
  49 orc zombies
  5 spectral ufetubi (IceCv)
  A demonic plant (Gauntlet)
  45 foxfires
  64 fungi
  138 plants
534 creatures vanquished.

Grand Total: 1610 creatures vanquished

Notes
Turn   | Place    | Note
-------+----------+-------------------------------------------
     0 | D:1      | Angani the Barachi Necromancer began the quest for the Orb.
     0 | D:1      | Reached XP level 1. HP: 13/13 MP: 3/3
   527 | D:1      | Reached XP level 2. HP: 14/19 MP: 0/5
  1026 | D:1      | Reached XP level 3. HP: 22/24 MP: 5/7
  1684 | D:2      | Reached XP level 4. HP: 30/30 MP: 2/9
  1916 | D:2      | Noticed Natasha
  1924 | D:2      | Killed Natasha
  2001 | D:2      | Noticed Natasha
  2007 | D:2      | Killed Natasha
  2008 | D:2      | Reached XP level 5. HP: 28/35 MP: 3/10
  2261 | D:3      | Learned a level 3 spell: Vampiric Draining
  2267 | D:3      | Found a basalt altar of Yredelemnul.
  2281 | D:3      | Became a worshipper of Yredelemnul the Dark
  2405 | D:3      | Noticed Grinder
  2582 | D:3      | Noticed an ogre
  2656 | D:3      | Killed an ogre
  2657 | D:3      | Reached XP level 6. HP: 41/41 MP: 9/12
  2688 | D:3      | Found a faded altar of an unknown god.
  2854 | D:3      | Killed Grinder
  2855 | D:3      | Reached skill level 5 in Stealth
  2855 | D:3      | Reached skill level 5 in Necromancy
  2944 | D:3      | Reached XP level 7. HP: 42/46 MP: 13/13
  3292 | D:4      | Reached skill level 1 in Fighting
  3295 | D:4      | Reached * piety under Yredelemnul
  3977 | D:5      | Entered Level 5 of the Dungeon
  3986 | D:5      | Noticed Dowan
  4209 | D:5      | Killed Dowan
  4234 | D:5      | Noticed Duvessa
  4247 | D:5      | Killed Duvessa
  4248 | D:5      | Reached skill level 5 in Spellcasting
  4269 | D:5      | Found an opulent altar of Gozag.
  4318 | D:5      | Noticed Edmund
  4327 | D:5      | Killed Edmund
  4328 | D:5      | Reached XP level 8. HP: 61/61 MP: 12/16
  4398 | D:5      | Found a runed translucent door.
  4399 | D:5      | Noticed Crazy Yiuf
  4407 | D:5      | Killed Crazy Yiuf
  4675 | D:5      | Noticed Sigmund
  4703 | D:5      | Reached skill level 5 in Fighting
  4727 | D:5      | Killed Sigmund
  4767 | D:5      | Found an ancient bone altar of Kikubaaqudgha.
  4916 | D:5      | Your ally Sigmund died
  5412 | D:5      | Reached ** piety under Yredelemnul
  5670 | D:6      | Found a sand-covered staircase.
  5674 | Ossuary  | Entered an ossuary
  5918 | D:6      | Reached XP level 9. HP: 34/72 MP: 19/19
  6093 | D:6      | Found a glowing golden altar of the Shining One.
  6340 | D:6      | Noticed a two-headed ogre
  6351 | D:6      | Killed a two-headed ogre
  6550 | D:6      | Found a staircase to the Ecumenical Temple.
  6947 | D:6      | Found a shadowy altar of Dithmenos.
  7162 | D:6      | Learned a level 1 spell: Foxfire
  7321 | D:7      | Found a hazy altar of Hepliaklqana.
  7766 | D:7      | Reached skill level 10 in Fighting
  7766 | D:7      | Reached XP level 10. HP: 59/80 MP: 23/23
  8261 | D:7      | Found a blossoming altar of Fedhas.
  8555 | D:8      | Reached skill level 10 in Spellcasting
  8579 | D:7      | HP: 4/85 [vampire mosquito (10)]
  8821 | D:8      | Noticed Psyche
  8831 | D:8      | Killed Psyche
  8832 | D:8      | Reached skill level 1 in Conjurations
  8832 | D:8      | Reached skill level 1 in Fire Magic
  8871 | D:8      | Learned a level 5 spell: Fireball
  8878 | D:8      | Learned a level 6 spell: Plasma Beam
  8885 | D:8      | Learned a level 6 spell: Starburst
  8906 | D:8      | Found the +3 giant club "Skullcrusher" {speed, Str+7}
  9014 | D:8      | Noticed a death yak
  9016 | D:8      | Noticed a death yak
  9273 | D:8      | Found a staircase to the Lair.
  9341 | Lair:1   | Entered Level 1 of the Lair of Beasts
  9341 | Lair:1   | Noticed a cane toad
  9422 | Lair:1   | Reached skill level 5 in Conjurations
  9422 | Lair:1   | Reached skill level 5 in Fire Magic
  9704 | Lair:1   | Noticed a cane toad
  9711 | Lair:1   | Killed a cane toad
  9809 | Lair:1   | Reached XP level 11. HP: 59/90 MP: 25/25
  9813 | Lair:1   | Reached *** piety under Yredelemnul
 10037 | Lair:1   | Identified a scroll of acquirement
 10038 | Lair:1   | Acquired the +6 hand crossbow of Okaz {freeze, Will+}
 10262 | Lair:1   | Reached **** piety under Yredelemnul
 10750 | Lair:2   | Found a transporter.
 10754 | Lair:2   | Noticed a fire crab
 11689 | Lair:2   | Reached XP level 12. HP: 97/97 MP: 26/26
 11701 | Lair:2   | Reached skill level 10 in Conjurations
 11701 | Lair:2   | Reached skill level 10 in Fire Magic
 11877 | Lair:2   | Reached skill level 1 in Ranged Weapons
 12043 | Lair:2   | Found a transporter.
 12047 | Lair:2   | Noticed Amaemon
 12056 | Lair:2   | Killed Amaemon
 12200 | Lair:2   | Noticed Nergalle
 12221 | Lair:2   | Your ally Amaemon died
 12224 | Lair:2   | Killed Nergalle
 12625 | Lair:3   | Found a hole to the Spider Nest.
 12629 | Lair:3   | Reached skill level 5 in Ranged Weapons
 13156 | Lair:3   | Noticed a catoblepas
 13185 | Lair:3   | Noticed Gastronok
 13203 | Lair:3   | Killed Gastronok
 13385 | Lair:3   | Learned a level 3 spell: Portal Projectile
 13405 | Lair:3   | Noticed a six-headed hydra
 13412 | Lair:3   | Killed a six-headed hydra
 13420 | Lair:3   | Noticed a six-headed hydra
 13573 | Lair:2   | Killed a catoblepas
 13696 | Lair:3   | Noticed Sonja
 13857 | Lair:4   | Gained mutation: You can hop long distances. [Barachi
                  | growth]
 13857 | Lair:4   | Reached XP level 13. HP: 102/103 MP: 27/27
 13963 | Lair:3   | Killed Sonja
 13964 | Lair:3   | Reached skill level 10 in Ranged Weapons
 14297 | Lair:3   | Found a staircase to the Shoals.
 14713 | Lair:4   | Noticed Snorg
 14726 | Lair:4   | Killed Snorg
 14896 | Lair:4   | Found a staircase to the Slime Pits.
 14906 | Lair:4   | Noticed Josephine
 14909 | Lair:4   | Killed Josephine
 14935 | Lair:4   | Your ally Josephine died
 15550 | Lair:4   | Identified the +5 ring mail "Zats" {rElec}
 15773 | Lair:4   | You fall into a shaft and drop 1 floor!
 15773 | Lair:5   | Entered Level 5 of the Lair of Beasts
 15784 | Lair:5   | Reached skill level 1 in Armour
 16035 | Lair:5   | Reached skill level 5 in Armour
 16119 | Lair:5   | Reached ***** piety under Yredelemnul
 16292 | Lair:5   | Reached XP level 14. HP: 110/110 MP: 28/28
 16482 | Lair:5   | Reached ****** piety under Yredelemnul
 16652 | Lair:5   | Reached skill level 10 in Armour
 17108 | D:8      | Found a stormy altar of Qazlal.
 17110 | D:8      | Found a hide-covered altar of Uskayaw.
 17221 | D:9      | Reached skill level 5 in Dodging
 17405 | D:9      | Found a staircase to the Orcish Mines.
 17746 | D:9      | Found a burning altar of Makhleb.
 17817 | D:8      | Found a sparkling altar of Nemelex Xobeh.
 18016 | D:9      | Found Azasodes's Distillery.
 18024 | D:9      | Bought a potion of lignification for 39 gold pieces
 18024 | D:9      | Bought a potion of attraction for 39 gold pieces
 18024 | D:9      | Bought a potion of curing for 39 gold pieces
 18024 | D:9      | Bought a potion of magic for 104 gold pieces
 18024 | D:9      | Bought a potion of resistance for 130 gold pieces
 18203 | D:9      | Found a radiant altar of Vehumet.
 18281 | D:9      | Found a glowing silver altar of Zin.
 18758 | D:10     | Entered Level 10 of the Dungeon
 19269 | D:10     | Found a portal to a secret trove of treasure.
 19695 | D:11     | Found a frozen archway.
 19708 | IceCv    | Entered an ice cave
 21705 | D:12     | Reached skill level 10 in Dodging
 22751 | D:13     | Reached XP level 15. HP: 115/115 MP: 29/29
 22754 | D:13     | Noticed Urug
 22770 | D:13     | Killed Urug
 23354 | D:13     | Found a gate to the Vaults.
 24017 | D:14     | Noticed Agnes
 24026 | D:14     | Killed Agnes
 24866 | D:14     | Identified the +9 morningstar of Evisceration {antimagic,
                  | Fragile Fly rElec Int+3}
 25087 | D:14     | Found a large runed translucent door.
 25087 | D:14     | Found a large runed translucent door.
 25091 | D:14     | Noticed Jiolyugh's ghost (journeyman GrEE)
 25837 | D:14     | Killed Jiolyugh's ghost
 25855 | D:14     | Identified the amulet of Xom's Recklessness {Spirit rPois
                  | Will+}
 26044 | D:15     | Entered Level 15 of the Dungeon
 26220 | D:15     | Found a gate leading to a gauntlet.
 26227 | Gauntlet | Entered a Gauntlet
 26227 | Gauntlet | Found a transporter.
 26227 | Gauntlet | Found a transporter.
 26227 | Gauntlet | Found a runed translucent gate.
 26227 | Gauntlet | Found a runed translucent gate.
 26227 | Gauntlet | Found a runed translucent gate.
 26319 | Gauntlet | Found the +3 pair of mountain boots {steadfast, rC+}
 26320 | Gauntlet | Found a transporter.
 26328 | Gauntlet | Found a transporter.
 26336 | Gauntlet | Found a transporter.
 26340 | Gauntlet | Found a transporter.
 26350 | Gauntlet | Found a transporter.
 26368 | Gauntlet | Found a transporter.
 26369 | Gauntlet | Noticed a balrug
 26385 | Gauntlet | Found a transporter.
 26390 | Gauntlet | Found a transporter.
 26402 | Gauntlet | Found a transporter.
 26402 | Gauntlet | Found a transporter.
 26650 | Gauntlet | Identified the +4 hat "Xuiw" {Drain rPois rCorr Str+2}
 26774 | Gauntlet | Identified the ring "Ripidgho" {rC++ AC+4}
 28472 | D:15     | Reached skill level 1 in Air Magic
 28618 | D:15     | Found a staircase to the Depths.
 28788 | Orc:1    | Entered Level 1 of the Orcish Mines
 28807 | D:9      | Reached XP level 16. HP: 91/122 MP: 12/30
 29123 | Orc:1    | Found Fawka's Book Shoppe.
 29137 | Orc:1    | Noticed Erica
 29150 | Orc:1    | Killed Erica
 29417 | Orc:2    | Entered Level 2 of the Orcish Mines
 29432 | Orc:2    | Reached skill level 5 in Air Magic
 30052 | Orc:2    | Found Ferhob's General Store.
 30089 | Orc:2    | Found a staircase to the Elven Halls.
 30208 | Orc:2    | Found Alesao's Antique Armour Shoppe.
 30343 | Orc:2    | Found Kam Duabb's Jewellery Boutique.
 30440 | Orc:2    | Found Zyradgh's Antique Weapon Boutique.
 30449 | Orc:2    | Bought a bloodstained arbalest for 285 gold pieces
 30449 | Orc:2    | Identified the +0 arbalest of Peace {penet, Contam rElec
                  | rN+ Str+2} (You bought it in a shop on level 2 of the
                  | Orcish Mines)
 30801 | Spider:1 | Entered Level 1 of the Spider Nest
 31515 | Spider:1 | Reached skill level 10 in Air Magic
 31751 | Spider:1 | Reached skill level 1 in Hexes
 31751 | Spider:1 | Reached skill level 1 in Translocations
 31805 | Spider:1 | Noticed Asterion
 31901 | Shoals:1 | Entered Level 1 of the Shoals
 33120 | Shoals:1 | Reached skill level 5 in Hexes
 33120 | Shoals:1 | Reached skill level 5 in Translocations
 33503 | Shoals:2 | Reached XP level 17. HP: 89/128 MP: 2/31
 34918 | Shoals:3 | Reached skill level 1 in Evocations
 34946 | Shoals:3 | Reached skill level 1 in Invocations
 35708 | Shoals:3 | Noticed a kraken
 35717 | Shoals:3 | Killed a kraken
 35898 | Shoals:3 | Found Enki's Dragon-Slaying Spoils.
 36005 | Shoals:3 | Bought the quicksilver dragon scales of Leapfrog {rPois
                  | rC++ rN+ Will+ Stlth-} for 1281 gold pieces
 36252 | Orc:2    | Bought an amulet of magic regeneration for 420 gold pieces
 36265 | Orc:2    | Bought a ring of protection from fire for 350 gold pieces
 36865 | Spider:1 | HP: 6/128 [ghost moth (1)]
 37362 | Spider:2 | Reached skill level 5 in Evocations
 37947 | Spider:2 | Reached skill level 5 in Invocations
 38708 | Spider:3 | Reached XP level 18. HP: 119/134 MP: 21/32
 39559 | Spider:3 | Noticed morax's ghost (adept HOFi)
 39583 | Spider:3 | Found a transporter.
 39600 | Spider:3 | Found a transporter.
 39962 | Spider:3 | Killed morax's ghost
 40214 | Spider:3 | Identified the +0 cloak "Hyifey" {Rampage rF+ rC+ rN+}
 40352 | Spider:4 | Entered Level 4 of the Spider Nest
 40685 | Spider:4 | Noticed Arachne
 40838 | Spider:4 | HP: 4/134 [culicivora (12)]
 41352 | Spider:4 | Mangled by Arachne

Illustrated notes

Levels and vault maps discovered:
D:1:      saegor_arrival_simple_d, layout_loops_corners,
          minmay_misc_feat_nine_boxes, dreamdust_mushroom_princess,
          nicolae_eternal_life
D:2:      minmay_roachtagon, layout_rooms, due_unseen_surprise, uniq_natasha
D:3:      layout_loops_ring, mainiacjoe_overflow_cross_hatched,
          hellmonk_ecumenical_altar_inner_sanctum, uniq_grinder
D:4:      layout_basic
D:5:      minmay_goblin_kobold_castle, layout_basic, grunt_gozag_breadcrumbs,
          lemuel_crystal_altar, saegor_snake_ambush, uniq_edmund, uniq_duvessa,
          uniq_sigmund, uniq_crazy_yiuf_cottage
D:6:      layout_cave_pods, mainiacjoe_overflow_24_doors, kennysheep_mini_moat,
          minmay_temple_entry_nine_rooms, lightli_ossuary_entry_decrepit_ruins,
          serial_park, serial_park_avenue1, serial_park_tiny_pond,
          serial_park_tiny_1, serial_park_tiny_2, st_stairs_2
D:7:      layout_basic, fedhas_altar_3, mainiacjoe_overflow_brackets,
          hex_intersection
D:8:      layout_loops_ring, nicolae_overflow_hidden_temple, dpeg_lair_monsters,
          minmay_misc_feat_room, uniq_psyche
D:9:      layout_basic, mainiacjoe_overflow_paths, marbit_many_paths,
          lightli_temple_of_fire, david_orc_5, serial_shops, nicolae_shop_stone
D:10:     layout_roguey, nicolae_trove_entry_free_sample
D:11:     layout_cave_pools, portal_ice_cave_entry_pillars_2
D:12:     layout_loops_ring
D:13:     layout_rooms, david_vaults_1, uniq_urug
D:14:     layout_rooms, hex_medium, ebering_ghost_disaster_area,
          kennysheep_generic_room_7, uniq_agnes
D:15:     gammafunk_enter_depths_forms, layout_basic, gauntlet_entry_generic
Lair:1:   layout_gridlike, beast_lair_carwin_4
Lair:2:   gammafunk_cloud_chamber, layout_misc_corridors, beast_lair_carwin_2,
          infiniplex_staircase_pool_2, uniq_amaemon, uniq_nergalle
Lair:3:   layout_long_grid, minmay_shoals_entry_beasts,
          hellmonk_spider_entry_life_and_decay, uniq_gastronok, uniq_sonja
Lair:4:   dreamdust_cave_troll, layout_concentric_octagons, slime_entry_1,
          uniq_snorg, uniq_josephine
Lair:5:   grunt_lair_end_beastmaster, layout_cave_shapes, lemuel_old_faithful,
          serial_bayou_shore_b
Shoals:1: layout_shoals
Shoals:2: layout_shoals
Shoals:3: layout_shoals, nicolae_shop_dragon_depot
Spider:1: layout_spider_delve, hangedman_spider_tarantella_strand, uniq_asterion
Spider:2: layout_spider_delve, nicolae_spider_scorpion_nest
Spider:3: layout_spider_delve, gammafunk_ghost_berserking_beasts
Spider:4: hellmonk_spider_rune_endless_swarm, uniq_arachne
Orc:1:    layout_caves, serial_shops, nicolae_shop_behind_doors, basic_altar,
          uniq_erica
Orc:2:    grunt_orc_gardens, layout_caves, grunt_orc_garden, grunt_orc_garden,
          grunt_orc_garden, grunt_orc_garden, mines4_lemuel

Skill      XL: |  1  2  3  4  5  6  7  8  9 10 11 12 13 14 15 16 17 18 |
---------------+-------------------------------------------------------+-----
Stealth        | 2 3 4 5 |  5.0
Spellcasting   | 3 4 5 7 9 10 | 10.0
Necromancy     | 4 5 |  5.0
Fighting       | 4 7 10 | 10.0
Conjurations   | 6 9 10 13 | 13.0
Fire Magic     | 6 9 10 13 | 13.0
Ranged Weapons | 9 12 | 12.5
Armour         | 8 10 | 10.0
Dodging        | 11 | 11.1
Air Magic      | 3 10 | 10.1
Hexes          | 5 7 |  7.9
Translocations | 5 7 |  7.9
Evocations     | 7 9 |  9.8
Invocations    | 6 8 |  8.2

Action                     |  1- 3 |  4- 6 |  7- 9 | 10-12 | 13-15 | 16-18 || total
---------------------------+-------+-------+-------+-------+-------+-------++-------
  Melee: Unarmed           |     9 |       |       |       |       |       ||     9
         Whip              |    40 |    30 |    38 |       |       |       ||   108
         Quarterstaff      |       |       |   396 |    36 |       |       ||   432
         Falchion          |       |       |       |    45 |       |       ||    45
   Fire: Hand crossbow     |       |       |       |   182 |   848 |   800 ||  1830
  Throw: Dart              |       |       |       |       |     1 |       ||     1
   Cast: Necrotise         |    56 |    47 |    63 |    13 |       |       ||   179
         Vampiric Draining |       |       |    12 |    82 |    29 |    11 ||   134
         Foxfire           |       |       |     2 |    25 |       |       ||    27
         Fireball          |       |       |       |    23 |    79 |    19 ||   121
         Starburst         |       |       |       |     2 |    57 |    69 ||   128
         Portal Projectile |       |       |       |       |     3 |    77 ||    80
         Plasma Beam       |       |       |       |       |       |    24 ||    24
 Invoke: Dark Bargain      |       |       |     1 |     1 |       |     4 ||     6
         Recall Undead Har |       |       |       |     2 |       |     6 ||     8
         Bind Soul         |       |       |       |       |       |     1 ||     1
Ability: Hop               |       |       |     3 |     8 |     9 |     4 ||    24
  Evoke: Wand              |       |     7 |    12 |    22 |     8 |     2 ||    51
         Phantom mirror    |       |       |       |       |     1 |     1 ||     2
         Box of beasts     |       |       |       |       |       |     2 ||     2
         Lightning rod     |       |       |       |       |       |     1 ||     1
    Use: Scroll            |     4 |     1 |     3 |    16 |    19 |    11 ||    54
         Potion            |       |       |       |     1 |     6 |    11 ||    18
   Stab: Sleeping          |     1 |     3 |     6 |     2 |       |       ||    12
         Distracted        |       |       |     1 |       |       |       ||     1
 Armour: Robe              |    18 |     5 |   173 |   110 |    17 |       ||   323
         Ring mail         |       |       |       |       |    90 |    44 ||   134
         Leather armour    |       |       |       |       |    89 |    77 ||   166
         Quicksilver drago |       |       |       |       |       |   236 ||   236
  Dodge: Dodged            |    47 |    27 |   605 |   330 |   523 |   520 ||  2052
